AoeStats
← Think_mao

Arena

508425014Analyzed
4v4 RM · 11d ago on Sep 22, 2026· 61m 7s· 8 players
Game mode
Random Map
Map size
Large (8 player)
Population
200
Speed
Normal
Resources
Standard
Victory
Conquest
Starting age
Dark Age
Ending age
Imperial Age
RankedLock teamsTeams togetherTeam positionsShared explorationLock speedFull tech treeHidden civsTurbo modeCheats
Victory
Defeat
🇨🇳 Spanish · China
1138
+14
🇦🇷 Lithuanians · Argentina
1100
+16
🇨🇳 Vietnamese · China
1000
+20
🇨🇳 Byzantines · China
1000
+63
🇨🇳 Italians · China
1289
-26
🇨🇳 Bohemians · China
1156
-20
🇨🇳 Khitans · China
991
-13
🇨🇳 Magyars · China
937
-11
Think_mao
7:06 Loom
11:17 Feudal Age
15:05 Castle Age
13:10 Horse Collar
14:04 Double-Bit Axe
17:25 Bow Saw
17:17 Heavy Plow
17:47 Fervor
19:56 Fletching
22:23 Wheelbarrow
21:22 Elite Skirmisher
24:20 Bodkin Arrow
25:00 Hand Cart
29:18 Town Watch
32:37 Imperial Age
32:09 Padded Archer Armor
34:14 Leather Archer Armor
34:02 Scale Mail Armor
34:13 Forging
33:26 Pikeman
34:28 Halberdier
35:09 Squires
35:25 Chain Mail Armor
35:41 Halberdier
36:48 Squires
36:34 Arson
59:21 Chemistry
61:23 Siege Engineers
只想搞事
10:40 Feudal Age
11:21 Double-Bit Axe
11:24 Horse Collar
14:13 Castle Age
23:12 Bow Saw
23:48 Heavy Plow
28:31 Imperial Age
26:14 Fletching
26:24 Padded Archer Armor
27:07 Ballistics
27:20 Bodkin Arrow
28:22 Leather Archer Armor
30:19 Chemistry
29:36 Bracer
30:06 Ring Archer Armor
31:35 Conscription
31:20 Elite Genoese Crossbowman
39:08 Pirotechnia
40:09 Thumb Ring
猫娘
10:28 Feudal Age
12:22 Double-Bit Axe
14:42 Castle Age
13:08 Domestication
15:48 Bow Saw
20:09 Loom
23:33 Gold Mining
23:33 Stone Mining
24:37 Stone Mining
27:06 Stone Shaft Mining
26:52 Scale Barding Armor
27:05 Forging
28:14 Chain Barding Armor
27:59 Scale Mail Armor
28:37 Pastoralism
29:46 Husbandry
30:20 Murder Holes
33:02 Imperial Age
31:09 Wheelbarrow
32:23 Lamellar Armor
33:17 Squires
32:37 Pikeman
34:22 Iron Casting
34:32 Plate Barding Armor
34:16 Hand Cart
35:05 Chemistry
33:46 Treadmill Crane
33:56 Arson
35:27 Conscription
35:15 Ordo Cavalry
34:54 Elite Steppe Lancer
36:59 Two-Man Saw
36:56 Transhumance
36:47 Ordo Cavalry
36:12 Heavy Camel Rider
37:06 Scale Mail Armor
37:07 Padded Archer Armor
36:57 Fletching
37:17 Siege Engineers
36:55 Light Cavalry
37:46 Lamellar Armor
42:06 Guilds
42:28 Coinage
43:13 Thumb Ring
42:30 Elite Skirmisher
43:36 Parthian Tactics
42:32 Heavy Cavalry Archer
46:35 Chain Mail Armor
53:41 Plate Mail Armor
53:09 Bodkin Arrow
53:29 Leather Archer Armor
嘎嘎以嘎嘎
0:58 Loom
10:33 Feudal Age
11:15 Double-Bit Axe
11:12 Horse Collar
18:20 Castle Age
16:51 Gold Mining
17:56 Stone Mining
20:06 Wheelbarrow
20:20 Bloodlines
20:57 Bow Saw
21:59 Husbandry
21:55 Fletching
22:49 Bodkin Arrow
23:13 Heavy Plow
25:07 Padded Archer Armor
26:37 Thumb Ring
31:44 Gold Shaft Mining
32:22 Ballistics
33:36 Corvinian Army
33:45 Scale Mail Armor
34:01 Leather Archer Armor
33:52 Scale Barding Armor
33:25 Pikeman
38:39 Imperial Age
36:38 Chain Mail Armor
37:39 Treadmill Crane
39:04 Halberdier
40:12 Conscription
40:20 Masonry
39:44 Halberdier
40:26 Arson
41:38 Chain Barding Armor
45:53 Hand Cart
53:36 Two-Man Saw
56:09 Elite Magyar Huszar
dy小妖
11:05 Feudal Age
15:37 Castle Age
13:57 Double-Bit Axe
14:46 Gold Mining
15:00 Horse Collar
17:01 Loom
18:34 Bow Saw
18:26 Heavy Plow
22:47 Town Watch
28:36 Wheelbarrow
30:40 Hand Cart
34:13 Imperial Age
31:48 Husbandry
33:38 Padded Archer Armor
34:21 Bloodlines
34:41 Fletching
34:38 Capped Ram
35:50 Conscription
36:25 Bodkin Arrow
36:47 Elite Skirmisher
37:32 Bracer
37:48 Leather Archer Armor
37:07 Siege Ram
38:10 Thumb Ring
39:10 Chemistry
38:30 Ballistics
37:34 Light Cavalry
39:21 Two-Man Saw
38:09 Imperial Skirmisher
40:10 Ring Archer Armor
42:53 Scale Barding Armor
42:11 Light Cavalry
44:07 Scale Mail Armor
44:34 Squires
43:55 Pikeman
45:16 Chain Mail Armor
45:06 Halberdier
46:48 Plate Mail Armor
46:29 Forging
49:10 Iron Casting
51:10 Blast Furnace
58:23 Chain Barding Armor
57:26 Hussar
58:10 Caravan
Wen俊
11:11 Feudal Age
12:36 Wheelbarrow
12:32 Double-Bit Axe
18:30 Castle Age
16:45 Horse Collar
18:03 Stone Mining
18:05 Gold Mining
20:00 Bow Saw
25:41 Fletching
33:14 Imperial Age
31:02 Hand Cart
30:36 Loom
31:07 Treadmill Crane
31:48 Ballistics
32:43 Stone Shaft Mining
32:07 Heated Shot
32:24 Padded Archer Armor
32:20 Bodkin Arrow
33:17 Chatras
34:29 Scale Barding Armor
34:35 Forging
35:56 Leather Archer Armor
37:56 Two-Man Saw
36:58 Heavy Plow
36:49 Elite Rattan Archer
37:55 Paper Money
38:12 Hoardings
38:41 Chemistry
38:52 Ring Archer Armor
38:23 Bracer
38:56 Chatras
40:03 Chain Barding Armor
40:20 Iron Casting
40:51 Sappers
41:14 Elite Battle Elephant
43:19 Plate Barding Armor
48:13 Caravan
61:30 Scale Mail Armor
61:53 Guilds
Eic
10:37 Feudal Age
11:20 Double-Bit Axe
14:07 Castle Age
12:09 Horse Collar
22:38 Wheelbarrow
21:49 Town Watch
21:53 Loom
22:44 Bow Saw
25:25 Heavy Plow
28:05 Imperial Age
25:51 Gold Mining
25:59 Treadmill Crane
26:29 Stone Mining
27:32 Hand Cart
28:20 Stone Shaft Mining
28:45 Husbandry
28:55 Bloodlines
29:13 Conscription
28:14 Elite Leitis
29:01 Scale Barding Armor
29:07 Forging
30:14 Chain Barding Armor
31:51 Chemistry
31:14 Ballistics
32:48 Plate Barding Armor
32:49 Iron Casting
35:11 Two-Man Saw
34:11 Fletching
34:57 Crop Rotation
35:41 Town Patrol
40:12 Masonry
39:58 Bodkin Arrow
41:39 Bracer
42:58 Coinage
44:24 Banking
49:37 Fortified Wall
49:58 Architecture
59:43 Padded Archer Armor
59:48 Tower Shields
60:13 Elite Skirmisher
离业
13:27 Feudal Age
15:23 Double-Bit Axe
16:34 Arson
18:33 Wheelbarrow
19:28 Gold Mining
19:28 Stone Mining
22:09 Forging
22:00 Scale Mail Armor
26:45 Castle Age
26:55 Castle Age
27:13 Pikeman
27:55 Squires
30:58 Fletching
35:09 Imperial Age
34:24 Coinage
38:21 Bow Saw
42:10 Banking
44:17 Husbandry
44:06 Cavalier
46:52 Gold Shaft Mining
49:57 Scale Barding Armor
Connection lost

Rejoining the realm…

Still unreachable

The connection could not be restored.

Session expired

The server has moved on; the page needs a fresh start.